 Dungeon Crawl Stone Soup version 0.27-a0-1036-g8e1b44f6bd (webtiles) character file.

Game seed: 16433866133625636387

98 wakim the Poker (level 4, -7/35 HPs)
             Began as a Merfolk Gladiator on Apr 18, 2021.
             Was a Believer of Dithmenos.
             Mangled by an ogre
             ... wielding a +0 giant club
              (16 damage)
             ... on level 2 of the Dungeon.
             The game lasted 00:07:42 (2081 turns).

wakim the Poker (Merfolk Gladiator)                 Turns: 2081, Time: 00:07:42

Health: -7/35      AC:  5    Str: 15    XL:     4   Next: 69%
Magic:  4/4        EV: 13    Int:  7    God:    Dithmenos [**....]
Gold:   143        SH:  0    Dex: 15    Spells: 3/3 levels left

rFire    . . .     SeeInvis .   a - +0 trident
rCold    . . .     Faith    .   (no shield)
rNeg     + . .     Spirit   .   b - +0 leather armour
rPois    .         Reflect  .   c - +0 helmet
rElec    .         Harm     .   (no cloak)
rCorr    .         Rampage  .   (no gloves)
Will     .....                  f - +0 pair of boots
Stlth    ++........             (no amulet)
HPRegen  0.11/turn              h - ring of positive energy
MPRegen  0.09/turn              (no ring)

@: wreathed by umbra
A: (nimble swimmer 2), mertail
a: Renounce Religion, Shadow Step


You were on level 2 of the Dungeon.
You worshipped Dithmenos.
Dithmenos was pleased with you.
You visited 1 branch of the dungeon, and saw 3 of its levels.

You collected 143 gold pieces.

Inventory:

Hand Weapons
 a - a +0 trident (weapon)
Missiles
 d - 3 throwing nets (quivered) {=f!f}
Armour
 b - a +0 leather armour (worn)
 c - a +0 helmet (worn)
 f - a +0 pair of boots (worn)
Jewellery
 h - a ring of positive energy (left hand)
Scrolls
 l - a scroll of enchant armour {unknown}
 T - 2 scrolls of teleportation
Potions
 e - a potion of attraction {unknown}
 g - a potion of invisibility {unknown}
 i - 2 potions of haste {unknown}
 j - a potion of heal wounds {unknown}
 k - a potion of flight {unknown}
 F - a potion of curing


   Skills:
 + Level 3.2 Fighting
 * Level 5.8 Polearms
 - Level 2.0 Throwing
 - Level 4.3 Dodging
 * Level 2.5 Stealth


You had 3 spell levels left.
You didn't know any spells.
Your spell library was empty.

Dungeon Overview and Level Annotations

Branches:
Dungeon (3/15)

Altars:
Dithmenos
Qazlal

Annotations:
D:2 exclusion: ogre
D:3 Grinder, Sigmund


Innate Abilities, Weirdness & Mutations

((You are quick and stealthy near water. (Stealth+, EV+, Speed+++)))
Your lower body shifts to a powerful aquatic tail in water.


Message History

You reach to attack!
You miss the frilled lizard. You closely miss the frilled lizard.
The frilled lizard bites you.
You miss the frilled lizard. The frilled lizard closely misses you.
You hit the frilled lizard.
The frilled lizard is heavily wounded.
The frilled lizard closely misses you.
You miss the frilled lizard.
The frilled lizard is heavily wounded.
The frilled lizard barely misses you.
You hit the frilled lizard.
You kill the frilled lizard!
Dithmenos accepts your kill.
You closely miss the orc. The orc barely misses you.
The orc priest closely misses you.
The orc shouts! x2
You hit the orc.
The orc is severely wounded.
The orc closely misses you.
The orc priest hits you from afar with a +0 trident.
You closely miss the orc.
The orc is severely wounded.
The orc hits you with a +0 club.
The orc priest miscasts a cantrip.
The orc priest invokes the aid of Beogh against you.
Beogh smites you!
* * * LOW HITPOINT WARNING * * *
The orc hits you but does no damage. The orc barely misses you.
There is a stone staircase leading up here.
This staircase leads to a travel-excluded area!
Enter next level anyway?
Okay, then.
This staircase leads to a travel-excluded area!
Enter next level anyway?
The orc hits you with a +0 club.
* * * LOW HITPOINT WARNING * * *
You climb upwards.
Level annotation: exclusion: ogre The ogre closely misses you.
The ogre hits you with a +0 giant club!
You die...

# #### ## #... .## ##.## #.####
############# ##.#.# #....#
#...........########.###. #.##.#
#.#########.........## ## .###.#
.........Oo..###...##.###. ##
#.##. ......o@.......#.###...# #
#..........####...............
#.##.......## #.##.####.###.##
..# ........##†##.# #.# #... #.#
#..#..##..#.##.# ##.######
#.###...#.##..#....###...##...
####.#.........................##
.........##.........####...#....
#.......##....###..# ##.##..##


You could see an ogre and 2 orcs.

Vanquished Creatures
  3 adders
  2 dart slugs (D:1)
  A worm (D:2)
  5 orcs (D:3)
  2 endoplasms
  4 giant cockroaches
  6 goblins
  5 hobgoblins
  10 jackals (D:2)
  2 quokkas (D:1)
  3 ball pythons
  4 bats
  A frilled lizard (D:3)
  4 kobolds
  2 rats
54 creatures vanquished.

Vanquished Creatures (others)
  A plant (D:3)
1 creature vanquished.

Grand Total: 55 creatures vanquished

Notes
Turn   | Place    | Note
-------+----------+-------------------------------------------
     0 | D:1      | wakim the Merfolk Gladiator began the quest for the Orb.
     0 | D:1      | Reached XP level 1. HP: 16/16 MP: 1/1
   225 | D:1      | Reached XP level 2. HP: 23/23 MP: 2/2
   802 | D:1      | Reached skill level 5 in Polearms
   859 | D:2      | Reached skill level 1 in Stealth
   866 | D:2      | Reached XP level 3. HP: 28/28 MP: 3/3
   938 | D:2      | Noticed an ogre
  1231 | D:2      | Found a faded altar of an unknown god.
  1239 | D:2      | Became a worshipper of Dithmenos the Shadowed
  1239 | D:2      | Reached * piety under Dithmenos
  1332 | D:2      | Reached XP level 4. HP: 35/35 MP: 4/4
  1809 | D:3      | Noticed Grinder
  1919 | D:3      | Reached ** piety under Dithmenos
  1946 | D:3      | Found a stormy altar of Qazlal.
  1976 | D:3      | Noticed Sigmund
  2081 | D:2      | Mangled by an ogre

Illustrated notes

Levels and vault maps discovered:
D:1:      minmay_arrival_jagged, layout_basic
D:2:      layout_loops_ring, basic_ecumenical_altar,
          hangedman_abyss_or_decor_lesser_grid, kennysheep_boxes
D:3:      corexii_shack_village, layout_basic, nicolae_qazlal_general_emergency,
          eino_tiny_chamber, uniq_grinder, uniq_sigmund

Skill      XL: |  1  2  3  4 |
---------------+-------------+-----
Polearms       | 5 |  5.8
Stealth        | 1 2 |  2.5
Fighting       | 3 |  3.2
Throwing       | |  2.0
Dodging        | |  4.3

Action                   |  1- 3 |  4- 6 || total
-------------------------+-------+-------++-------
Melee: Trident           |   121 |    54 ||   175
  Use: Scroll            |     3 |       ||     3
 Stab: Sleeping          |     1 |     8 ||     9
Armor: Leather armour    |    20 |     4 ||    24
Dodge: Dodged            |    64 |    29 ||    93

Table legend: (Time is in decaauts)
 A = Elapsed time spent in this place.
 B = Non-inter-level travel time spent in this place.
 C = Inter-level travel time spent in this place.
 D = Time resting spent in this place.
 E = Time spent auto-exploring this place.
 F = Levels seen in this place.
 G = Mean time per level.
                   A        B        C        D        E       F      G
               +--------+--------+--------+--------+--------+-----+--------+
         Total |   2088 |   2013 |     75 |      0 |   1517 |   3 |  696.0 |
       Dungeon |   2088 |   2013 |     75 |      0 |   1517 |   3 |  696.0 |
               +--------+--------+--------+--------+--------+-----+--------+

Top non-repeatable levels by time:
     D:2: 956 daAuts
     D:1: 843 daAuts
     D:3: 287 daAuts
